Map: Triton LE

Players

ViBE - Winner!

  • Race: Protoss Protoss
  • League: Gold
  • Spawn Location: 11:00

PROTHORMAN

  • Race: Zerg Zerg
  • League: Gold
  • Spawn Location: 5:00

VOD

Have the link to the VOD?

Description

Time

  • Played on: Dec. 7, 2019, 8:07 p.m.
  • Length: 16:28
Show
View Real Time Build Order
Export as new Build Order

ViBE Protoss - Winner!

Build Orders:  

Get SALT Encoding   

  12  0:01  Probe  
  13  0:13  Probe  
  14  0:24  Pylon  
  14  0:25  Probe  
  15  0:42  Probe  
  16  0:46  Gateway  
  16  0:51  Assimilator  
  16  0:54  Probe  
  17  1:06  Probe (Chrono Boost)  
  19  1:18  Probe (Chrono Boost)  
  19  1:25  Probe (Chrono Boost)  
  20  1:33  Probe  
  21  1:40  Cybernetics Core  
  21  1:43  Gateway  
  21  1:45  Probe  
  22  1:51  Pylon  
  22  1:57  Probe  
  22  2:00  Assimilator  
  23  2:08  Zealot (Chrono Boost)  
  23  2:09  Probe  
  23  2:11  Pylon  
  26  2:29  Stalker  
  28  2:34  Stalker  
  30  2:38  Probe  
  30  2:42  Pylon  
  30  2:50  Nexus, Probe (Chrono Boost)  
  31  2:58  Pylon  
  31  3:03  Probe (Chrono Boost)  
  31  3:14  Probe  
  31  3:15  Pylon  
  30  3:26  Probe (Chrono Boost)  
  31  3:35  Probe (Chrono Boost)  
  31  3:40  Probe (Chrono Boost), Sentry  
  34  3:41  Stalker  
  34  3:43  Warp Gate  
  37  3:52  Probe (Chrono Boost)  
  37  3:53  Robotics Facility  
  38  3:56  Gateway  
  38  4:04  Probe (Chrono Boost)  
  38  4:09  Stalker  
  42  4:10  Probe (Chrono Boost)  
  42  4:12  Probe (Chrono Boost)  
  43  4:17  Probe (Chrono Boost)  
  45  4:24  Probe (Chrono Boost)  
  45  4:27  Probe (Chrono Boost)  
  47  4:32  Probe x2 (Chrono Boost)  
  48  4:43  Probe  
  48  4:44  Probe  
  50  4:46  Stalker  
  50  4:47  Stalker  
  50  4:52  Robotics Bay  
  55  4:53  Observer  
  55  4:55  Probe  
  55  4:56  Probe  
  55  4:58  Assimilator  
  55  4:59  Assimilator  
  57  5:05  Pylon  
  57  5:06  Pylon  
  57  5:07  Probe  
  57  5:08  Probe  
  59  5:18  Stalker  
  59  5:19  Probe  
  62  5:24  Stalker, Probe  
  65  5:31  Probe  
  66  5:36  Probe  
  66  5:40  Nexus  
  67  5:43  Probe  
  67  5:44  Pylon  
  67  5:46  Pylon  
  67  5:48  Probe  
  67  5:49  Pylon  
  69  5:55  Probe  
  70  6:01  Colossus  
  70  6:02  Probe  
  77  6:06  Stalker  
  77  6:07  Stalker  
  81  6:18  Pylon  
  81  6:20  Pylon  
  81  6:26  Probe x2  
  81  6:28  Extended Thermal Lance  
  83  6:38  Probe x2 (Chrono Boost)  
  87  6:47  Probe x2 (Chrono Boost)  
  87  6:52  Probe x2 (Chrono Boost)  
  87  6:54  Assimilator  
  87  6:55  Colossus, Probe, Assimilator  
  87  6:57  Stalker  
  87  6:58  Stalker  
  100  7:04  Probe x2  
  100  7:07  Probe  
  103  7:16  Probe x2  
  103  7:19  Probe  
  103  7:22  Nexus  
  106  7:28  Probe x2  
  106  7:29  Gateway  
  108  7:30  Gateway  
  108  7:31  Probe  
  108  7:36  Gateway  
  109  7:38  Gateway  
  109  7:39  Gateway  
  109  7:40  Probe  
  109  7:41  Probe, Gateway  
  111  7:50  Stalker x2  
  115  7:51  Probe  
  115  7:52  Probe  
  115  7:53  Colossus, Probe  
  124  8:00  Forge  
  124  8:01  Forge  
  124  8:04  Forge  
  124  8:05  Twilight Council  
  124  8:13  Probe  
  125  8:22  Pylon  
  125  8:25  Pylon  
  125  8:27  Protoss Ground Weapons Level 1 (Chrono Boost), Pylon  
  125  8:28  Assimilator, Protoss Shields Level 1 (Chrono Boost), Protoss Ground Armor Level 1 (Chrono Boost)  
  125  8:31  Assimilator  
  125  8:34  Pylon, Probe x2  
  127  8:37  Pylon  
  127  8:39  Pylon, Probe  
  127  8:41  Phoenix, Probe  
  128  8:46  Probe x2  
  131  8:50  Templar Archives  
  131  9:00  Stalker x4  
  131  9:01  Stalker x3  
  145  9:04  Stalker  
  147  9:22  Probe x2  
  147  9:23  Probe x2  
  142  9:28  Pylon  
  142  9:30  Photon Cannon  
  137  9:33  Photon Cannon  
  137  9:36  Probe x4, Photon Cannon  
  137  9:38  Shield Battery  
  128  9:48  Probe x4  
  128  9:49  Photon Cannon  
  128  9:51  Photon Cannon  
  123  9:52  Photon Cannon  
  123  9:55  Shield Battery  
  111  10:00  Probe x4  
  111  10:06  Photon Cannon  
  111  10:07  Photon Cannon  
  115  10:10  Photon Cannon  
  115  10:12  Probe x4, Shield Battery  
  119  10:24  Probe  
  120  10:30  High Templar  
  120  10:31  High Templar x6  
  120  10:32  High Templar  
  120  10:34  Archon  
  120  10:35  Archon x2  
  136  10:36  Archon  
  136  10:37  Colossus, Protoss Ground Weapons Level 2 (Chrono Boost), Protoss Shields Level 2 (Chrono Boost), Protoss Ground Armor Level 2 (Chrono Boost)  
  136  10:39  Photon Cannon  
  136  10:40  Photon Cannon  
  136  10:43  Photon Cannon  
  136  10:44  Probe  
  136  10:45  Probe x2  
  136  10:46  Shield Battery  
  139  10:50  Probe  
  139  10:57  Probe  
  141  11:05  Probe x2  
  141  11:06  Probe  
  141  11:09  Probe  
  145  11:15  High Templar x2  
  145  11:16  High Templar x6  
  161  11:20  Nexus  
  161  11:22  Gateway  
  161  11:23  Gateway  
  161  11:26  Gateway  
  161  11:29  Pylon  
  161  11:31  Archon x4  
  161  11:32  Pylon x2  
  156  11:52  Probe x3  
  159  11:59  Colossus  
  161  12:01  Stalker x2  
  161  12:02  Stalker x3, Nexus  
  161  12:06  Pylon, Gateway  
  161  12:07  Gateway  
  165  12:09  Pylon  
  165  12:10  Gateway  
  160  12:27  Photon Cannon  
  160  12:28  Photon Cannon  
  142  12:30  Photon Cannon  
  142  12:32  Shield Battery  
  128  12:37  Photon Cannon  
  128  12:38  Photon Cannon  
  128  12:40  Photon Cannon  
  128  12:43  Shield Battery  
  106  12:45  Assimilator  
  106  12:47  High Templar x4  
  106  12:48  High Templar x5  
  106  12:49  High Templar x2  
  106  12:50  Assimilator  
  122  12:52  Protoss Shields Level 3 (Chrono Boost)  
  122  12:53  Colossus  
  122  12:56  Archon x5  
  128  13:08  Protoss Ground Weapons Level 3 (Chrono Boost)  
  128  13:13  Protoss Ground Armor Level 3 (Chrono Boost)  
  128  13:25  Nexus  
  120  13:38  Nexus  
  120  13:39  Stalker  
  120  13:40  Stalker x4  
  120  13:41  Stalker x2  
  132  13:42  Stalker, Pylon  
  132  13:44  Pylon, Stalker  
  138  14:11  Photon Cannon  
  138  14:12  Photon Cannon  
  138  14:14  Photon Cannon  
  138  14:17  Photon Cannon  
  138  14:18  Photon Cannon  
  138  14:20  Photon Cannon  
  138  14:21  High Templar x3  
  138  14:22  High Templar x3, Shield Battery  
  150  14:24  High Templar  
  150  14:26  Shield Battery  
  150  14:28  Assimilator  
  150  14:29  Archon x2  
  150  14:30  Archon  
  152  14:32  Archon  
  152  14:33  Assimilator  
  152  14:37  Pylon  
  152  14:49  Stalker x2  
  152  14:50  Stalker x2  
  152  14:52  Colossus  
  166  14:53  Stalker  
  166  14:54  Stalker x4  
  166  14:55  Stalker  
  178  15:03  Stalker  
  180  15:19  Stalker x3  
  180  15:20  Stalker x4  
  180  15:21  Stalker x2  
  196  15:22  Stalker  
  200  15:34  Pylon  
  199  15:38  Probe  
  199  15:41  Assimilator  
  200  15:56  Robotics Facility  
  200  16:01  Gateway  
  200  16:02  Gateway  
  200  16:03  Gateway  
  198  16:04  Gateway  
  188  16:15  Shield Battery  
Show
View Real Time Build Order
Export as new Build Order

PROTHORMAN Zerg 

Build Orders: Pool First 

Get SALT Encoding   

  12  0:03  Drone  
  13  0:09  Extractor  
  12  0:25  Spawning Pool  
  11  0:30  Drone  
  11  0:35  Drone  
  13  0:40  Drone  
  14  0:54  Overlord  
  14  1:12  Metabolic Boost  
  14  1:14  Zergling x2  
  14  1:15  Zergling x2  
  14  1:16  Zergling x2  
  17  1:46  Hatchery  
  16  1:50  Drone x2  
  16  1:52  Drone  
  19  2:04  Queen  
  21  2:20  Zergling x2  
  22  2:55  Overlord x2  
  22  2:57  Queen x2  
  24  3:14  Drone x4  
  27  3:33  Queen  
  29  3:36  Hatchery  
  28  3:43  Drone  
  28  3:44  Drone x4  
  28  3:45  Drone  
  34  4:04  Drone x2  
  34  4:05  Drone x3  
  39  4:23  Drone x5  
  44  4:29  Extractor x2  
  42  4:31  Spore Crawler  
  41  4:41  Drone x3  
  41  4:43  Spore Crawler, Overlord  
  41  4:44  Overlord x2  
  43  4:57  Drone x2  
  43  4:58  Drone  
  46  5:05  Extractor  
  45  5:07  Drone x3  
  48  5:15  Drone  
  48  5:16  Drone x2  
  51  5:21  Evolution Chamber  
  51  5:24  Evolution Chamber  
  51  5:25  Roach Warren  
  48  5:39  Drone  
  48  5:40  Drone x3  
  52  5:48  Zerg Missile Weapons Level 1  
  52  5:50  Zerg Ground Armor Level 1  
  52  5:54  Lair  
  52  5:56  Drone x4  
  56  6:12  Extractor  
  56  6:13  Extractor  
  56  6:14  Spore Crawler  
  56  6:16  Roach x2  
  56  6:17  Roach x7  
  71  6:26  Overlord x3  
  71  6:49  Drone x3  
  71  6:50  Drone  
  71  6:51  Drone x2  
  77  6:54  Overlord x4  
  77  6:58  Drone x3  
  80  7:09  Spire  
  80  7:13  Infestation Pit  
  78  7:16  Hydralisk Den  
  77  7:33  Glial Reconstitution  
  77  8:20  Mutalisk x5  
  77  8:21  Mutalisk x8  
  77  8:22  Mutalisk x2  
  107  8:28  Zerg Flyer Weapons Level 1  
  107  8:37  Zerg Missile Weapons Level 2  
  107  8:47  Zerg Ground Armor Level 2  
  107  8:57  Roach x5  
  107  8:58  Roach x2  
  115  10:04  Ravager x4  
  115  10:05  Ravager x4  
  115  10:06  Overlord  
  115  10:07  Overlord x5  
  123  10:08  Overlord  
  123  10:22  Roach x3  
  129  10:43  Roach x5  
  129  10:44  Roach x6  
  129  10:45  Roach x8  
  129  10:46  Roach x2  
  158  12:08  Roach  
  158  12:09  Roach x8  
  136  12:56  Hive  
  136  12:57  Drone x2  
  136  12:58  Drone x4  
  142  13:16  Hatchery  
  135  13:20  Hatchery, Extractor x2  
  114  13:34  Roach  
  114  13:35  Roach x5  
  126  14:09  Overlord x4  
  126  14:35  Mutalisk x3  
  126  14:36  Mutalisk x7  
  146  14:57  Ravager x3  
  146  14:58  Ravager x2  
  151  15:01  Roach x8  
  151  15:02  Roach x2  
  155  15:43  Mutalisk  
  155  15:44  Mutalisk x7  
  155  15:45  Mutalisk x7  
Tags
 
Add a new tag
Caveats
  • Supply blocks, unpowered buildings, or Contaminate may cause inaccurate times.
  • Supply counts are checked every 10 seconds.